 Dungeon Crawl Stone Soup version 0.32-a0-42-ga30500b4d3 (webtiles) character file.

Game seed: 1522652638996001215

2161 cforsyth the Fighter (level 9, -2/72 HPs)
             Began as a Djinni Reaver on Jan 26, 2024.
             Slain by a human
             ... wielding a +0 war axe
              (13 damage)
             ... in a bailey.
             The game lasted 00:13:13 (7189 turns).

cforsyth the Fighter (Djinni Reaver)                Turns: 7189, Time: 00:13:14

Health: -2/72      AC:  3    Str: 11    XL:     9   Next: 57%
Gold:   118        EV: 11    Int: 20    God:
                   SH:  0    Dex: 11

rFire   + + .        f - +3 short sword
rCold   x . .        (no shield)
rNeg    . . .        b - +0 leather armour
rPois   ∞            (no helmet)
rElec   .            (no cloak)
rCorr   .            (no gloves)
SInv    .            (boots unavailable)
Will    .....        (no amulet)
Stlth   +            (no ring)
HPRegen 0.32/turn    (no ring)
MPRegen 0.00/turn

%: infuse magic (-3 HP)
@: flying
A: sickness immunity, fire resistance 2, cold vulnerability 1, float, innate
caster, HP casting, extra vitality 1
a: no special abilities


You were in a bailey.
You visited 1 branch of the dungeon, and saw 7 of its levels.
You also visited: Bailey.

You collected 251 gold pieces.
You spent 133 gold pieces at shops.

Inventory:

Hand Weapons
 a - a +0 short sword
 f - a +3 short sword (weapon)
Armour
 b - a +0 leather armour (worn)
Jewellery
 k - a +6 ring of intelligence
 x - the amulet "Wixudon Sec" {Reflect Rampage rCorr SH+5}
   (You found it on level 4 of the Dungeon)

   [amulet of reflection]

   Reflect:   It reflects blocked missile attacks.
   rCorr:     It protects you from acid and corrosion.
   SH+5:      It affects your SH (+5).
   Rampage:   It bestows one free step when moving towards enemies.
Wands
 A - a wand of charming (19)
 B - a wand of acid (7)
Scrolls
 g - 2 scrolls of teleportation {unknown}
 h - a scroll of torment {unknown}
 j - 2 scrolls of enchant weapon {unknown}
 m - a scroll of enchant armour {unknown}
 n - a scroll of noise {unknown}
 p - a scroll of amnesia {unknown}
 q - a scroll of vulnerability {unknown}
 r - a scroll of revelation
 s - a scroll of fog {unknown}
 u - a scroll of brand weapon {unknown}
 y - 2 scrolls of blinking
 C - a scroll of acquirement {unknown}
Potions
 d - 4 potions of lignification
 i - a potion of enlightenment {unknown}
 l - 3 potions of resistance
 o - a potion of cancellation {unknown}
 t - 4 potions of haste
 v - 2 potions of might
 w - a potion of heal wounds {unknown}
 z - a potion of curing {unknown}


   Skills:
 + Level 9.0 Fighting
 - Level 2.6 Short Blades
 - Level 2.1 Dodging
 + Level 7.1 Spellcasting
 + Level 7.1 Conjurations
 + Level 7.1 Hexes
 + Level 7.1 Summonings
 + Level 7.1 Necromancy
 + Level 7.1 Translocations
 + Level 7.1 Fire Magic
 + Level 7.1 Ice Magic
 + Level 7.1 Air Magic
 + Level 7.1 Earth Magic
 + Level 7.1 Alchemy


You knew the following spells:

 Your Spells              Type           Power      Damage    Failure   Level
a - Kiss of Death         Conj/Necr      100%       2d13      1%          1
b - Momentum Strike       Conj/Tloc      70%        3d9       1%          2
c - Hailstorm             Conj/Ice       35%        3d8       1%          3
d - Slow                  Hex            100%       N/A       1%          1
e - Call Imp              Summ           70%        N/A       1%          2
f - Searing Ray           Conj           70%        2d7       1%          2
g - Dimensional Bullseye  Hex/Tloc       17%        N/A       6%          4
Your spell library was empty.

Dungeon Overview and Level Annotations

Branches:
Dungeon (7/15)             Temple (0/1) D:7          Bailey (1/1)

Altars:
Ashenzari
Qazlal
Uskayaw

Shops:
D:4 ?

Annotations:
D:3 1 runed translucent door, Crazy Yiuf


Innate Abilities, Weirdness & Mutations

You are immune to sickness and miasma.
You are immune to poison.
Your flesh is very heat resistant. (rF++)
You are vulnerable to cold. (rC-)
You float through the air rather than walking.
You learn spells naturally, not from books.
Your magical power is your life essence.
You have superior vitality. (+4 MHP)


Message History

Casting: Hailstorm (safe; 1% risk of failure)
Press: ? - help, Dir - look around, f - activate A cannonade of hail descends around you!
The hail misses the human.
The human closely misses your cerulean imp.
Your cerulean imp closely misses the human.
The human hits you with a +0 war axe!
The human hits your cerulean imp with a +0 war axe.
Your cerulean imp dies!
Your cerulean imp disappears in a puff of smoke!
Casting: Hailstorm (safe; 1% risk of failure)
Confirm with . or Enter, or press ? or * to list all spells.
Casting: Hailstorm (safe; 1% risk of failure)
Press: ? - help, Dir - look around, f - activate A cannonade of hail descends around you!
The hail pelts the human!
The human is almost dead.
The hail pelts the human!
The human is almost dead.
The human hits you with a +0 war axe.
Casting: Hailstorm (safe; 1% risk of failure)
Confirm with . or Enter, or press ? or * to list all spells.
A tiny devil pulls itself out of the air.
The human hits you with a +0 war axe!
* * * LOW HITPOINT WARNING * * *
You swap places.
Your cerulean imp hits the human but does no damage.
The human hits you with a +0 war axe.
* * * LOW HITPOINT WARNING * * *
The human closely misses your cerulean imp.
The human attacks as it pursues you! The human completely misses you.
The human completely misses your cerulean imp.
The human attacks as it pursues you! The human hits you with a +0 war axe.
* * * LOW HITPOINT WARNING * * *
The human hits your cerulean imp with a +0 war axe.
Your cerulean imp barely misses the human.
Things that are here:
a +0 hand axe; a +0 leather armour; a gnoll corpse The human attacks as it pursues you!
The human hits you with a +0 war axe!
You die...

....p# #≈.~≈##
.....p####≈F.~≈
......').# .F~
##+####..###+###
##~~~##...#.....#
#~~~~~#5p.#.....#
#~~~~~#...####..#
#~~~~~#pp..#....#
##~~#÷#@#......##
####.).##....##
#.....######
#.∩.∩.# #.....#
##...## #####


You could see 3 humans and a friendly cerulean imp (summoned).

Vanquished Creatures
  A wyvern (D:7)
  Menkaure (D:4)
  A water moccasin (D:5)
  An ice beast (D:5)
  An ogre (D:4)
  2 centaurs
  A phantom (D:7)
  2 bullfrogs
  4 scorpions
  Blork the orc (D:6)
  2 jellies (D:5)
  An orc priest (D:4)
  A hound (D:6)
  2 iguanas (D:6)
  Terence (D:3)
  Natasha (thrice) (D:3)
  3 orc wizards
  3 gnolls
  2 adders
  A white imp (D:5)
  2 ribbon worms
  2 dart slugs
  22 orcs
  6 ball pythons
  6 bats
  12 endoplasms
  2 giant cockroaches (D:2)
  5 goblins
  9 hobgoblins
  2 jackals (D:2)
  A quokka (D:2)
  3 frilled lizards
  7 kobolds
  4 rats (D:2)
117 creatures vanquished.

Vanquished Creatures (collateral kills)
  Sigmund (D:4)
  A human (Bailey)
  A bullfrog (D:4)
  A scorpion (D:6)
  A sleepcap (D:6)
  3 orcs (D:3)
  A hobgoblin (D:4)
  A ball python (D:3)
  2 goblins (D:7)
12 creatures vanquished.

Grand Total: 129 creatures vanquished

Notes
Turn   | Place    | Note
-------+----------+-------------------------------------------
     0 | D:1      | cforsyth the Djinni Reaver began the quest for the Orb.
     0 | D:1      | cforsyth set off with the following spells memorised: Kiss
                  | of Death, Momentum Strike, Hailstorm.
     0 | D:1      | Reached XP level 1. HP: 18/18 MP: 0/0
   113 | D:1      | Reached XP level 2. HP: 20/23 MP: 0/0
   556 | D:1      | Reached XP level 3. HP: 18/29 MP: 0/0
   556 | D:1      | Learned a level 1 spell: Slow
   999 | D:2      | Found a broken altar of Ashenzari.
  1046 | D:2      | Reached skill level 3 in Fighting
  1225 | D:2      | Reached XP level 4. HP: 24/35 MP: 0/0
  1808 | D:3      | Noticed Terence
  1821 | D:3      | Killed Terence
  1822 | D:3      | Reached XP level 5. HP: 29/41 MP: 0/0
  1822 | D:3      | Learned a level 2 spell: Call Imp
  1923 | D:3      | Noticed Natasha
  1931 | D:3      | Killed Natasha
  1932 | D:3      | Reached skill level 4 in Fighting
  2367 | D:3      | Noticed Natasha
  2378 | D:3      | Killed Natasha
  2379 | D:3      | Noticed Natasha
  2387 | D:3      | Killed Natasha
  2388 | D:3      | Reached XP level 6. HP: 17/48 MP: 0/0
  2619 | D:3      | Found a runed translucent door.
  2620 | D:3      | Noticed Crazy Yiuf
  2675 | D:4      | Noticed Sigmund
  2911 | D:4      | Noticed an ogre
  2916 | D:4      | Killed Sigmund
  2917 | D:4      | Reached skill level 5 in Fighting
  2919 | D:4      | Killed an ogre
  2920 | D:4      | Reached XP level 7. HP: 20/54 MP: 0/0
  2920 | D:4      | Learned a level 2 spell: Searing Ray
  3099 | D:4      | Noticed Menkaure
  3482 | D:4      | Killed Menkaure
  3483 | D:4      | Reached skill level 5 in Spellcasting
  3483 | D:4      | Reached skill level 5 in Conjurations
  3483 | D:4      | Reached skill level 5 in Hexes
  3483 | D:4      | Reached skill level 5 in Summonings
  3483 | D:4      | Reached skill level 5 in Necromancy
  3483 | D:4      | Reached skill level 5 in Translocations
  3483 | D:4      | Reached skill level 5 in Fire Magic
  3483 | D:4      | Reached skill level 5 in Ice Magic
  3483 | D:4      | Reached skill level 5 in Air Magic
  3483 | D:4      | Reached skill level 5 in Earth Magic
  3483 | D:4      | Reached skill level 5 in Alchemy
  3535 | D:4      | Reached skill level 6 in Fighting
  3764 | D:4      | Identified the amulet "Wixudon Sec" {Reflect Rampage rCorr
                  | SH+5}
  3785 | D:4      | Found Kiaruyp's Magic Scroll Emporium.
  3793 | D:4      | Bought a scroll of identify for 28 gold pieces
  3911 | D:4      | Found a hide-covered altar of Uskayaw.
  4034 | D:4      | Bought a scroll of blinking for 105 gold pieces
  4084 | D:5      | Entered Level 5 of the Dungeon
  4200 | D:5      | Reached XP level 8. HP: 51/62 MP: 0/0
  4789 | D:5      | Reached skill level 7 in Fighting
  5616 | D:6      | Identified the +1 helmet of Vampiric Thralls {rN+ Regen+
                  | Stlth+}
  5627 | D:6      | Found a stormy altar of Qazlal.
  6151 | D:6      | Noticed Blork the orc
  6155 | D:6      | Reached XP level 9. HP: 60/69 MP: 0/0
  6155 | D:6      | Learned a level 4 spell: Dimensional Bullseye
  6155 | D:6      | Killed Blork the orc
  6157 | D:6      | Reached skill level 8 in Fighting
  6668 | D:7      | Found a staircase to the Ecumenical Temple.
  6814 | D:7      | Found a flagged portal.
  6822 | Bailey   | Entered a bailey
  7009 | Bailey   | Reached skill level 9 in Fighting
  7189 | Bailey   | Slain by a human

Illustrated notes

Levels and vault maps discovered:
D:1:      lightli_arrival_statuegarden, layout_loops_ring,
          minmay_misc_feat_tiny, kennysheep_crisscross
D:2:      minmay_recursive_quarters, layout_basic, basic_altar
D:3:      layout_basic, nicolae_sif_muna_condensation, nicolae_vehumet_radiance,
          uniq_crazy_yiuf_cottage, uniq_terence, uniq_natasha
D:4:      layout_cave_pools, kennysheep_little_box, serial_shops,
          nicolae_shop_just_a_little_nook, st_stairs_14, uniq_menkaure,
          uniq_sigmund
D:5:      layout_basic, hex_large
D:6:      layout_basic, grunt_qazlal_clouds, minmay_misc_feat_tower,
          minmay_misc_feat_chi, uniq_blork_the_orc
D:7:      layout_rooms, slow_altar_1, lemuel_doored_altar,
          minmay_temple_entry_junction_2, enter_bailey_3,
          dreamdust_princess_corridor
Bailey:   bailey_axe_froggy_fort_hellmonk, bailey

Skill      XL: |  1  2  3  4  5  6  7  8  9 |
---------------+----------------------------+-----
Spellcasting   | 3 4 5 6 7 |  7.1
Conjurations   | 3 4 5 6 7 |  7.1
Hexes          | 3 4 5 6 7 |  7.1
Summonings     | 3 4 5 6 7 |  7.1
Necromancy     | 3 4 5 6 7 |  7.1
Translocations | 3 4 5 6 7 |  7.1
Fire Magic     | 3 4 5 6 7 |  7.1
Ice Magic      | 3 4 5 6 7 |  7.1
Air Magic      | 3 4 5 6 7 |  7.1
Earth Magic    | 3 4 5 6 7 |  7.1
Alchemy        | 3 4 5 6 7 |  7.1
Fighting       | 3 4 5 6 7 9 |  9.0
Short Blades   | |  2.6
Dodging        | |  2.1

Action                     |  1- 3 |  4- 6 |  7- 9 || total
---------------------------+-------+-------+-------++-------
  Melee: Short sword       |   118 |   101 |   116 ||   335
         Punch             |     1 |       |     1 ||     2
   Cast: Call Imp          |       |     7 |    31 ||    38
         Hailstorm         |       |     5 |    56 ||    61
         Slow              |       |     2 |     1 ||     3
         Kiss of Death     |       |       |     2 ||     2
  Evoke: Wand              |       |       |     1 ||     1
    Use: Scroll            |       |       |     6 ||     6
   Stab: Sleeping          |       |       |     1 ||     1
 Armour: Leather armour    |    77 |    54 |   105 ||   236
  Dodge: Dodged            |    68 |    45 |    95 ||   208

Table legend: (Time is in decaauts)
 A = Elapsed time spent in this place.
 B = Non-inter-level travel time spent in this place.
 C = Inter-level travel time spent in this place.
 D = Time resting spent in this place.
 E = Time spent auto-exploring this place.
 F = Levels seen in this place.
 G = Mean time per level.
                   A        B        C        D        E       F      G
               +--------+--------+--------+--------+--------+-----+--------+
         Total |   7155 |   6856 |    299 |    553 |   5189 |   8 |  894.4 |
       Dungeon |   6790 |   6491 |    299 |    553 |   4883 |   7 |  970.0 |
        Bailey |    364 |    364 |      0 |      0 |    306 |   1 |  364.0 |
               +--------+--------+--------+--------+--------+-----+--------+

Top non-repeatable levels by time:
     D:3: 1437 daAuts
     D:6: 1329 daAuts
     D:5: 1132 daAuts
     D:4: 1037 daAuts
     D:1: 871 daAuts
     D:2: 813 daAuts
  Bailey: 364 daAuts
     D:7: 167 daAuts
